Map: 16-Bit LE

Players

Marzbar - Winner!

  • Race: Zerg Zerg
  • League: Diamond
  • Spawn Location: 1:00

Kerokero

  • Race: Zerg Zerg
  • League: Diamond
  • Spawn Location: 7:00

VOD

Have the link to the VOD?

Description

Time

  • Played on: June 13, 2018, 4:01 p.m.
  • Length: 18:33
Show
View Real Time Build Order
Export as new Build Order

Marzbar Zerg - Winner!

Build Orders: Hatch First, Lurkers 

Get SALT Encoding   

  12  0:00  Drone  
  13  0:12  Overlord  
  13  0:18  Drone  
  14  0:31  Drone  
  14  0:32  Drone  
  14  0:34  Drone  
  17  0:55  Hatchery  
  16  0:59  Drone  
  16  1:01  Drone  
  18  1:05  Extractor  
  17  1:18  Spawning Pool  
  17  1:21  Drone  
  17  1:30  Drone  
  17  1:32  Drone  
  19  1:38  Overlord  
  19  1:59  Drone  
  20  2:07  Queen x2  
  20  2:08  Zergling x4  
  26  2:14  Metabolic Boost  
  26  2:20  Drone  
  26  2:21  Drone  
  28  2:35  Drone x2  
  30  2:51  Hatchery  
  30  2:54  Queen  
  31  3:00  Overlord  
  31  3:05  Zergling x2  
  31  3:14  Zergling x2  
  31  3:15  Zergling x6  
  35  3:21  Zergling x4  
  35  3:24  Zergling x2  
  35  3:25  Drone  
  39  3:28  Drone  
  40  3:40  Zergling x4  
  40  3:41  Overlord  
  42  3:42  Drone  
  43  3:59  Queen  
  46  4:02  Zergling x2  
  46  4:03  Zergling x4  
  46  4:05  Overlord  
  46  4:06  Zergling x4  
  46  4:28  Overlord x2  
  46  4:34  Queen  
  46  4:36  Queen  
  46  4:38  Zergling x8  
  54  4:44  Drone x2  
  56  4:49  Drone x3  
  49  5:17  Zergling x8  
  49  5:18  Zergling x12  
  59  5:22  Zergling x6  
  60  5:29  Zergling x8  
  61  5:39  Drone x3  
  61  5:40  Baneling Nest  
  60  5:52  Drone x2  
  54  6:03  Zergling x12  
  60  6:18  Drone x2  
  61  6:19  Drone x6  
  68  6:29  Drone  
  68  6:30  Drone x2  
  65  6:40  Baneling x4  
  65  6:43  Drone x3  
  65  6:44  Overlord x2  
  65  6:48  Baneling x2  
  60  7:08  Drone x3  
  58  7:09  Zergling x8  
  64  7:16  Extractor  
  64  7:17  Extractor, Drone  
  64  7:18  Drone  
  64  7:22  Baneling x5, Roach Warren  
  63  7:23  Baneling x2  
  63  7:30  Baneling x2  
  63  7:31  Baneling  
  63  7:46  Drone  
  63  7:47  Overlord x2, Drone x7  
  63  7:48  Drone x3  
  63  7:51  Lair  
  74  7:53  Extractor  
  73  8:05  Drone x2  
  75  8:06  Zergling x8  
  77  8:22  Overlord  
  77  8:27  Roach x10  
  97  8:34  Evolution Chamber  
  97  8:35  Extractor  
  97  8:36  Extractor, Evolution Chamber  
  86  9:03  Roach x10  
  86  9:04  Roach x5  
  86  9:09  Glial Reconstitution  
  116  9:10  Zerg Ground Armor Level 1  
  116  9:16  Spore Crawler  
  116  9:17  Spore Crawler, Drone x3  
  116  9:20  Spore Crawler  
  116  9:21  Drone  
  116  9:22  Drone x2  
  119  9:28  Spore Crawler  
  119  9:29  Spore Crawler  
  117  9:37  Spine Crawler  
  116  9:41  Drone x2  
  116  9:42  Drone x3  
  116  9:43  Drone  
  122  9:52  Overlord  
  122  9:53  Overlord x2  
  122  10:01  Hatchery  
  122  10:02  Hatchery  
  120  10:17  Hydralisk Den  
  120  10:19  Zerg Missile Weapons Level 1  
  119  10:23  Drone x5  
  119  10:26  Roach x9  
  142  10:44  Zergling x2  
  142  10:45  Zergling x6  
  142  10:49  Overlord x2  
  146  10:51  Grooved Spines  
  146  11:02  Lurker Den  
  127  11:18  Hydralisk x3  
  127  11:19  Hydralisk x4, Roach x6  
  127  11:20  Roach  
  127  11:22  Zergling x2  
  139  11:29  Roach x4  
  133  11:44  Ravager  
  133  11:45  Ravager  
  133  11:46  Ravager  
  132  11:47  Hydralisk x3, Roach  
  132  11:48  Hydralisk x2  
  132  11:49  Zergling x4  
  141  11:54  Drone  
  141  11:55  Drone x4  
  138  12:02  Muscular Augments  
  138  12:07  Overseer  
  137  12:13  Overseer x2  
  135  12:16  Hydralisk  
  135  12:17  Hydralisk x6  
  147  12:23  Zerg Missile Weapons Level 2  
  147  12:27  Zerg Ground Armor Level 2  
  145  12:36  Lurker  
  144  12:37  Lurker  
  144  12:39  Lurker  
  144  12:43  Drone x10  
  155  12:52  Zergling x2  
  155  12:53  Zergling x10  
  155  12:57  Lurker  
  155  12:58  Lurker x2  
  164  13:01  Drone x4  
  168  13:11  Lurker  
  168  13:12  Lurker  
  170  13:13  Overlord x2  
  170  13:14  Overlord x2  
  168  13:33  Spine Crawler, Zergling x6  
  170  13:34  Spine Crawler x2  
  170  13:35  Spine Crawler  
  170  13:40  Hydralisk x4  
  170  13:41  Hydralisk x6  
  186  13:49  Hydralisk  
  186  13:50  Hydralisk x2  
  192  13:56  Overseer x2  
  192  13:58  Drone x4  
  192  13:59  Drone x4  
  200  14:13  Pneumatized Carapace  
  200  14:23  Extractor  
  199  14:35  Overlord  
  199  14:36  Overlord x3  
  199  14:42  Overlord  
  199  14:43  Overlord  
  185  15:07  Hydralisk x7  
  169  15:34  Hydralisk  
  169  15:35  Hydralisk x22  
  195  15:43  Infestation Pit  
  195  15:46  Extractor  
  195  15:47  Baneling  
  195  15:49  Extractor, Drone  
  193  15:50  Extractor, Drone x5  
  197  16:10  Zergling x4  
  199  16:21  Spire  
  198  16:27  Spine Crawler  
  198  16:29  Spore Crawler, Spine Crawler  
  198  16:30  Spine Crawler  
  198  16:31  Hydralisk x2  
  198  16:39  Overseer  
  172  17:15  Hydralisk x5  
  172  17:16  Hydralisk x8  
  198  17:43  Overlord x2  
  198  17:44  Overlord x11  
  192  18:05  Hydralisk x4  
Show
View Real Time Build Order
Export as new Build Order

Kerokero Zerg 

Build Orders: Hatch First, Lurkers 

Get SALT Encoding   

  12  0:01  Drone  
  13  0:13  Overlord  
  13  0:18  Drone  
  14  0:32  Drone x2  
  16  0:37  Drone  
  17  0:57  Hatchery  
  17  1:00  Drone  
  17  1:03  Extractor  
  16  1:24  Drone  
  16  1:25  Spawning Pool, Drone  
  17  1:33  Drone  
  17  1:35  Drone  
  19  1:46  Drone  
  20  1:52  Evolution Chamber  
  19  2:12  Queen  
  19  2:14  Zergling x6  
  24  2:19  Queen  
  26  2:26  Zerg Melee Weapons Level 1  
  26  2:29  Drone  
  27  2:36  Overlord  
  27  2:45  Baneling Nest  
  27  2:49  Zergling x2  
  27  2:54  Zergling x2  
  28  3:14  Drone  
  28  3:15  Drone x3  
  28  3:16  Drone  
  28  3:19  Drone  
  34  3:21  Metabolic Boost  
  34  3:27  Drone x2  
  34  3:30  Baneling x2  
  34  3:31  Baneling  
  36  3:37  Overlord  
  36  3:44  Overlord  
  36  3:52  Overlord  
  36  4:07  Drone x3  
  38  4:12  Hatchery  
  38  4:14  Zergling x4  
  38  4:24  Zergling x4  
  38  4:25  Zergling x2  
  38  4:26  Zergling x2  
  38  4:29  Zergling x2  
  38  4:31  Zergling x2  
  43  4:32  Zergling x2  
  43  4:35  Baneling x2  
  43  4:36  Zergling x4  
  44  4:38  Zergling x2  
  44  4:45  Zergling x4  
  47  4:46  Drone  
  48  4:52  Zergling x2  
  48  4:58  Drone x3  
  51  5:01  Extractor  
  51  5:02  Drone x2  
  52  5:13  Drone x3  
  50  5:17  Zergling x2  
  50  5:19  Baneling x3  
  50  5:20  Baneling  
  51  5:28  Drone x3  
  51  5:34  Zergling x8  
  55  5:37  Drone x2  
  55  5:39  Queen  
  54  5:55  Zergling x12  
  59  5:58  Drone x2  
  61  6:05  Extractor  
  61  6:07  Baneling  
  61  6:08  Baneling x3, Drone  
  61  6:09  Drone  
  62  6:12  Zergling x6  
  62  6:13  Overlord  
  62  6:15  Drone  
  62  6:18  Overlord x3  
  63  6:28  Zergling x4  
  63  6:31  Zergling x6  
  43  6:51  Drone  
  43  6:52  Drone x4  
  43  6:53  Drone x2  
  43  6:54  Drone  
  34  7:08  Drone  
  34  7:09  Drone x3  
  34  7:11  Drone  
  39  7:16  Drone  
  39  7:19  Drone  
  39  7:21  Drone  
  42  7:25  Drone  
  43  7:30  Drone  
  44  7:38  Drone  
  44  7:39  Drone x2, Queen  
  44  7:42  Extractor, Queen  
  44  7:43  Extractor  
  48  7:45  Lair  
  48  7:49  Drone x3  
  48  7:50  Evolution Chamber  
  50  7:51  Baneling  
  50  7:52  Baneling x3  
  50  7:55  Drone  
  50  7:56  Drone  
  52  7:58  Drone  
  52  7:59  Drone x2  
  52  8:00  Drone  
  52  8:03  Drone  
  57  8:06  Roach Warren  
  57  8:11  Drone x2  
  56  8:20  Overlord  
  56  8:21  Baneling x4  
  56  8:22  Zergling x4  
  58  8:29  Zerg Missile Weapons Level 1, Zerg Ground Armor Level 1  
  58  8:32  Baneling x2  
  58  8:33  Drone x3  
  61  8:34  Drone x2  
  61  8:35  Drone  
  61  8:41  Drone x2  
  66  8:45  Drone  
  66  8:49  Overlord, Hydralisk Den  
  65  8:59  Roach x2  
  65  9:00  Roach x4  
  74  9:04  Roach  
  74  9:07  Roach  
  74  9:08  Drone x2  
  79  9:13  Drone x2  
  79  9:15  Extractor  
  79  9:17  Drone x3  
  83  9:27  Hatchery  
  83  9:28  Hydralisk  
  83  9:30  Hydralisk  
  86  9:34  Spine Crawler  
  85  9:40  Overlord, Spine Crawler  
  85  9:44  Drone x2  
  86  9:46  Overlord  
  86  9:47  Glial Reconstitution  
  86  9:54  Hydralisk x2  
  86  9:58  Grooved Spines  
  90  10:00  Hydralisk x2  
  94  10:10  Hydralisk x4  
  94  10:13  Roach  
  104  10:19  Overlord, Roach  
  106  10:26  Overlord  
  106  10:28  Spine Crawler  
  105  10:29  Overlord  
  105  10:32  Overlord  
  105  10:39  Overlord  
  105  10:41  Roach x5  
  113  10:43  Zerg Missile Weapons Level 2  
  113  10:50  Hydralisk x2  
  117  10:57  Overseer x2  
  117  10:59  Roach x4  
  125  11:04  Drone x2  
  125  11:07  Drone x2  
  129  11:17  Roach x7  
  105  11:27  Roach  
  105  11:28  Roach x5  
  105  11:31  Roach  
  105  11:32  Roach  
  106  11:34  Hydralisk  
  106  11:38  Roach x2  
  103  11:41  Roach  
  103  11:44  Roach x2  
  105  11:48  Roach  
  105  11:49  Roach  
  105  11:52  Roach  
  103  12:05  Drone  
  103  12:06  Drone x7  
  103  12:07  Queen  
  113  12:12  Drone  
  114  12:16  Zerg Ground Armor Level 2  
  114  12:18  Hydralisk x3  
  114  12:22  Extractor  
  119  12:24  Extractor  
  119  12:28  Roach x2  
  116  12:30  Lurker Den  
  116  12:33  Hydralisk x2  
  116  12:34  Hydralisk  
  109  12:42  Spine Crawler  
  109  12:43  Spine Crawler x2, Roach  
  108  12:46  Hydralisk  
  108  12:47  Hydralisk  
  108  12:49  Hydralisk  
  114  12:52  Overlord  
  114  13:00  Zergling x2  
  114  13:01  Zergling x14  
  122  13:10  Drone x4  
  122  13:11  Overlord  
  126  13:19  Hydralisk x3  
  132  13:21  Infestation Pit  
  131  13:30  Hydralisk x5  
  131  13:33  Drone x2  
  140  13:45  Drone x4  
  140  13:46  Drone x2  
  140  13:48  Overseer x2  
  141  13:55  Spire, Drone  
  141  13:56  Drone  
  141  14:00  Lurker  
  141  14:01  Lurker x7  
  150  14:08  Overlord  
  150  14:22  Hatchery  
  149  14:35  Hive  
  149  14:36  Muscular Augments  
  149  14:38  Zergling x2  
  150  14:39  Zergling x20  
  150  14:41  Overlord x4  
  160  14:49  Overlord x2  
  104  15:29  Roach  
  104  15:30  Roach x17  
  104  15:32  Overlord x4  
  132  15:36  Overlord x2  
  132  15:39  Overlord  
  132  15:40  Overseer  
  126  15:45  Roach x2  
  126  15:46  Overlord  
  130  15:50  Extractor  
  130  15:51  Extractor, Queen  
  130  15:55  Roach x2  
  134  15:57  Overlord  
  134  16:00  Drone  
  135  16:04  Zergling x8  
  139  16:15  Greater Spire  
  139  16:22  Overlord  
  139  16:23  Overlord  
  139  16:24  Drone  
  140  16:27  Hydralisk x2  
  140  16:28  Hydralisk x2  
  140  16:31  Overseer  
  148  16:32  Overseer  
  148  16:33  Overseer x2  
  106  17:07  Corruptor  
  106  17:08  Corruptor x5  
  93  17:14  Overlord  
  95  17:21  Overlord  
  89  17:23  Corruptor  
  88  17:41  Brood Lord  
  88  17:42  Brood Lord x4  
  92  17:56  Overlord x2  
  84  17:58  Unknown x2  
  84  17:59  Unknown x4  
  84  18:01  Roach x3  
  84  18:02  Roach  
Tags
 
Composition
LurkersLurkers
Matchup
ZvZ
Race
Zerg
Replay Pack
June Replays
Spawn Locations
Cross Positions
Add a new tag
Caveats
  • Supply blocks, unpowered buildings, or Contaminate may cause inaccurate times.
  • Supply counts are checked every 10 seconds.